Map: 2000 Atmospheres LE

Players

TIME (Oliveira) - Winner!

  • Race: Terran Terran

HeroMarine

  • Race: Terran Terran

Event: DreamHack SC2 Masters 2021 Summer

VOD

Have the link to the VOD?

Description

Time

  • Played on: July 2, 2021, 11:20 a.m.
  • Length: 10:38

All games in this series

Show
View Real Time Build Order
Export as new Build Order

TIME Terran - Winner!

Build Orders:  

Get SALT Encoding   

  12  0:00  SCV  
  13  0:12  SCV  
  14  0:17  Supply Depot  
  14  0:24  SCV  
  15  0:38  SCV  
  15  0:40  Barracks  
  16  0:44  Refinery  
  16  0:50  SCV  
  16  0:54  Refinery  
  17  1:03  SCV  
  18  1:15  SCV  
  19  1:28  Orbital Command, Reaper  
  19  1:29  Supply Depot  
  20  1:43  Factory  
  21  1:54  SCV  
  21  2:00  Reaper  
  22  2:06  SCV  
  23  2:18  SCV  
  24  2:23  Command Center  
  24  2:28  Hellion  
  26  2:30  SCV  
  26  2:32  Barracks Reactor  
  27  2:43  Supply Depot  
  27  2:44  SCV  
  27  2:49  Widow Mine  
  30  2:52  Starport  
  30  2:56  SCV  
  31  3:09  Marine x2, SCV  
  31  3:11  Factory Tech Lab  
  34  3:19  Refinery  
  34  3:23  SCV  
  35  3:30  Marine x2  
  37  3:34  Raven, Factory Tech Lab  
  37  3:36  Orbital Command  
  37  3:38  SCV  
  40  3:50  SCV  
  40  3:52  Marine x2  
  40  3:53  Cyclone  
  46  3:58  Supply Depot  
  46  4:01  SCV  
  48  4:02  SCV  
  48  4:13  SCV  
  48  4:14  SCV  
  50  4:18  Barracks  
  50  4:23  Barracks  
  50  4:24  Stimpack  
  50  4:26  Starport Reactor  
  50  4:28  SCV  
  50  4:29  SCV  
  52  4:33  Siege Tank  
  55  4:39  Engineering Bay  
  55  4:41  SCV x2  
  55  4:45  Supply Depot  
  57  4:47  Marine  
  58  4:53  SCV  
  58  4:55  SCV  
  60  5:04  Supply Depot  
  60  5:05  SCV  
  60  5:06  Marine x2  
  63  5:07  SCV  
  63  5:09  Terran Infantry Weapons Level 1  
  64  5:14  Supply Depot  
  64  5:16  Marine x2  
  64  5:18  Starport Reactor  
  64  5:20  SCV  
  68  5:21  SCV  
  68  5:24  Marine  
  68  5:25  Marine  
  68  5:26  Siege Tank  
  73  5:29  Marine  
  73  5:30  Supply Depot  
  73  5:34  Marine  
  75  5:35  SCV  
  75  5:36  SCV  
  75  5:39  Marine  
  78  5:47  Marine x2  
  80  5:54  Medivac x2  
  80  5:56  Marine  
  83  5:58  Command Center  
  83  6:04  Siege Tank, Combat Shield  
  86  6:06  Marine x2  
  86  6:07  Refinery  
  86  6:09  SCV  
  89  6:12  Marine x2  
  91  6:21  Marine  
  91  6:24  Viking  
  94  6:28  Supply Depot  
  94  6:29  Viking, Marine x2  
  94  6:31  SCV  
  99  6:33  Marine  
  99  6:35  SCV  
  99  6:37  Supply Depot  
  101  6:42  Marine  
  102  6:49  Marine x3  
  102  6:50  Siege Tank, SCV x2  
  109  6:59  Viking  
  111  7:02  Marine  
  110  7:13  Orbital Command, Marine x2  
  110  7:14  Marine  
  110  7:15  Viking  
  103  7:19  Marine  
  103  7:20  Marine  
  99  7:31  Marine x3  
  99  7:32  Terran Infantry Armor Level 1  
  99  7:36  Siege Tank  
  99  7:37  Marine  
  97  7:38  Marine  
  97  7:39  SCV  
  100  7:45  SCV x2  
  100  7:47  Barracks  
  100  7:49  Barracks, Marine  
  100  7:50  Sensor Tower  
  103  7:51  SCV  
  103  7:52  Marine  
  103  7:56  Marine  
  103  7:57  Medivac x2, SCV  
  111  7:59  SCV  
  112  8:07  Engineering Bay, Armory  
  112  8:08  SCV  
  112  8:10  Marine, SCV  
  115  8:15  Siege Tank  
  115  8:17  SCV  
  115  8:19  Supply Depot  
  119  8:20  SCV  
  119  8:23  Marine x3  
  119  8:25  SCV  
  122  8:29  SCV  
  122  8:32  Marine  
  120  8:38  SCV  
  120  8:39  Barracks Reactor x2  
  120  8:40  SCV  
  119  8:41  SCV  
  119  8:43  Marine  
  119  8:45  Viking x2  
  119  8:48  Supply Depot  
  125  8:49  Marine  
  125  8:50  SCV  
  125  8:51  Siege Tank, Refinery x2  
  125  8:52  SCV  
  125  8:53  SCV  
  132  8:56  Supply Depot  
  132  9:01  Marine  
  132  9:02  SCV  
  134  9:03  Marine  
  134  9:04  Marine  
  134  9:07  SCV  
  134  9:08  Marine  
  138  9:14  Factory  
  138  9:19  Marine x2, Missile Turret  
  138  9:20  Marine x3  
  138  9:23  Barracks Reactor  
  138  9:24  Medivac x2  
  147  9:27  Siege Tank  
  150  9:39  Marine x2  
  150  9:42  Marine x2  
  150  9:43  Marine x2  
  156  9:46  Marine  
  156  9:47  Command Center  
  157  9:56  Supply Depot  
  157  10:02  Marine  
  157  10:03  Marine x2  
  140  10:12  Marine  
  140  10:13  Marine x2  
  128  10:19  Marine x2  
  128  10:20  Marine  
  131  10:31  Supply Depot  
Show
View Real Time Build Order
Export as new Build Order

HeroMarine Terran 

Build Orders:  

Get SALT Encoding   

  12  0:00  SCV  
  13  0:12  SCV  
  14  0:17  Supply Depot  
  14  0:24  SCV  
  15  0:39  SCV  
  15  0:40  Barracks  
  16  0:43  Refinery  
  16  0:51  SCV  
  16  0:53  Refinery  
  17  1:03  SCV  
  18  1:15  SCV  
  19  1:27  Orbital Command, Reaper  
  19  1:28  Supply Depot  
  20  1:42  Factory  
  20  1:53  SCV  
  21  1:59  Reaper  
  22  2:05  SCV  
  23  2:16  Command Center  
  23  2:18  SCV  
  24  2:25  Hellion  
  26  2:30  SCV  
  26  2:31  Barracks Reactor  
  27  2:40  Starport  
  27  2:42  SCV  
  28  2:47  Widow Mine  
  28  2:49  Supply Depot  
  30  2:55  SCV  
  31  3:08  Factory Tech Lab  
  31  3:10  Marine x2, SCV  
  34  3:15  Refinery  
  34  3:22  SCV  
  35  3:28  Marine x2  
  35  3:29  Orbital Command  
  35  3:32  Raven, Factory Tech Lab  
  39  3:35  SCV  
  40  3:46  Marine x2  
  40  3:47  SCV  
  43  3:50  Siege Tank  
  43  3:54  Supply Depot  
  43  3:55  SCV  
  47  3:59  SCV  
  48  4:09  SCV  
  49  4:11  SCV  
  49  4:16  Barracks  
  50  4:21  Engineering Bay  
  50  4:22  Starport Reactor  
  50  4:23  SCV  
  50  4:24  Barracks, SCV  
  51  4:30  Siege Tank  
  55  4:34  Stimpack  
  55  4:36  Marine  
  55  4:37  SCV  
  57  4:39  SCV  
  57  4:43  Supply Depot  
  58  4:49  Terran Infantry Weapons Level 1, SCV  
  58  4:51  SCV  
  60  4:53  Marine  
  60  4:57  Supply Depot  
  61  5:02  SCV  
  61  5:04  Siege Tank, SCV  
  64  5:08  Starport Reactor  
  64  5:10  Marine  
  64  5:11  Marine  
  64  5:14  SCV  
  67  5:16  Marine, SCV  
  67  5:18  Marine  
  67  5:19  Marine  
  71  5:22  Supply Depot  
  71  5:26  SCV  
  72  5:28  Marine, SCV  
  72  5:30  Refinery  
  74  5:36  Marine x2  
  74  5:37  Marine x2  
  78  5:44  Siege Tank  
  78  5:45  Medivac, Supply Depot  
  78  5:46  Medivac, Marine  
  86  5:51  Supply Depot  
  86  6:01  Supply Depot  
  86  6:06  Marine x5  
  91  6:15  Medivac  
  91  6:16  Medivac, SCV x2  
  91  6:17  Combat Shield  
  97  6:24  Marine x5  
  102  6:28  Siege Tank  
  105  6:41  Marine x5  
  110  6:48  Terran Infantry Armor Level 1, Command Center  
  110  6:59  Medivac, Marine x3  
  117  7:02  Marine  
  117  7:08  Siege Tank  
  116  7:10  Marine  
  116  7:14  Viking  
  110  7:17  Marine x3  
  110  7:19  Marine  
  113  7:27  Marine  
  113  7:29  Viking  
  101  7:35  Marine x2  
  91  7:37  Marine  
  91  7:38  SCV  
  91  7:39  SCV  
  91  7:40  Siege Tank  
  97  7:45  Marine  
  97  7:46  Barracks  
  97  7:48  Medivac  
  97  7:50  Barracks  
  99  7:53  Marine  
  99  7:55  Barracks Reactor, Marine, SCV x2  
  99  7:57  Marine  
  104  7:59  Medivac  
  106  8:07  Armory  
  106  8:08  SCV x2  
  106  8:09  Engineering Bay  
  106  8:10  Marine  
  109  8:13  Marine x2  
  109  8:15  Marine  
  112  8:21  SCV x2  
  112  8:27  Siege Tank  
  117  8:28  Marine  
  117  8:29  Medivac  
  117  8:31  Marine x2  
  118  8:39  Marine x3  
  118  8:40  Barracks Reactor x2  
  109  8:45  SCV x2  
  105  8:58  Orbital Command  
  107  9:02  Marine  
  107  9:07  Marine x3  
  107  9:09  SCV x2  
  111  9:12  Refinery  
  111  9:15  Siege Tank, Refinery, Marine  
  115  9:17  Marine x2  
  115  9:18  Marine  
  115  9:19  Marine  
  115  9:21  Marine  
  120  9:27  Marine x4  
  120  9:30  Sensor Tower  
  124  9:31  Viking  
  124  9:34  Viking  
  124  9:35  Marine  
  124  9:36  Marine  
  124  9:37  Marine x2  
  124  9:38  Marine  
  132  9:40  Supply Depot  
  132  9:45  Supply Depot x2  
  132  9:47  Supply Depot  
  132  9:58  Marine  
  133  10:02  Siege Tank, Viking, Marine x5  
  133  10:03  Marine  
  133  10:04  Viking  
  126  10:10  Marine x2  
  126  10:11  Marine  
  111  10:16  Marine  
  111  10:20  Marine x3  
Tags
 
Add a new tag
Caveats
  • Supply blocks, unpowered buildings, or Contaminate may cause inaccurate times.
  • Supply counts are checked every 10 seconds.